 Dungeon Crawl Stone Soup version 0.20-a0-1017-gc3250ce (webtiles) character file.

60 MatthieuS the Caller (level 3, 0/26 HPs)
             Began as a Draconian Summoner on Apr 17, 2017.
             Slain by a gnoll
             ... wielding a +1 spear of piercing
              (1 damage)
             ... on level 2 of the Dungeon.
             The game lasted 00:08:13 (2037 turns).

MatthieuS the Caller (Draconian Summoner)           Turns: 2037, Time: 00:08:15

Health: 0/26       AC:  6    Str: 11    XL:     3   Next: 82%
Magic:  4/7        EV: 12    Int: 15    God:
Gold:   160        SH:  0    Dex: 11    Spells: 1/7 levels left

rFire    . . .     SeeInvis .   w - +0 hunting sling
rCold    . . .     Gourm    .   (no shield)
rNeg     . . .     Faith    .   (armour unavailable)
rPois    .         Spirit   .   (helmet restricted)
rElec    .         Reflect  .   p - +0 cloak
rCorr    .         Harm     .   (no gloves)
MR       .....                  (no boots)
Stlth    ++........             (no amulet)
Regen    0.1/turn               l - ring of flight
MPRegen  0.1/turn               (no ring)

@: very slightly contaminated
A: unfitting armour, cold-blooded, AC +5
a: Evoke Flight


You were on level 2 of the Dungeon.
You were not hungry.

You visited 1 branch of the dungeon, and saw 2 of its levels.

You collected 160 gold pieces.

Inventory:

Hand Weapons
 a - a +0 dagger
 w - a +0 hunting sling (weapon)
Missiles
 g - 54 stones (quivered)
Armour
 p - a +0 cloak (worn)
Jewellery
 k - an uncursed ring of magical power {unknown}
 l - a ring of flight (left hand)
Scrolls
 e - a scroll of remove curse {unknown}
 h - 3 scrolls of immolation {unknown}
 i - a scroll of teleportation {unknown}
 m - a scroll of identify {unknown}
 o - a scroll of amnesia {unknown}
Potions
 d - a potion of flight {unknown}
 j - a potion of heal wounds {unknown}
 n - a potion of degeneration {unknown}
Books
 c - a book of Callings

   Spells                             Type                      Level
   a - Summon Small Mammal            Summoning                    1
   b - Call Imp                       Summoning                    2
   c - Call Canine Familiar           Summoning                    3
   d - Summon Guardian Golem          Hexes/Summoning              3
   e - Summon Lightning Spire         Summoning/Air                4
   f - Summon Ice Beast               Ice/Summoning                4
Comestibles
 b - 9 bread rations
 f - 2 fruits
 r - a chunk of flesh
 s - a meat ration


   Skills:
 + Level 2.7 Dodging
 - Level 1.7 Stealth
 + Level 2.9 Spellcasting
 + Level 4.3 Summonings


You had one spell level left.
You knew the following spells:

 Your Spells              Type           Power        Failure   Level  Hunger
a - Summon Small Mammal   Summ           ###.         3%          1    #......
b - Call Imp              Summ           ###.....     6%          2    ##.....
c - Call Canine Familiar  Summ           ###.....     12%         3    ###....


Dungeon Overview and Level Annotations

Branches:
Dungeon (2/15)

Altars:
The Shining One


Innate Abilities, Weirdness & Mutations

Your plain brown scales are hard. (AC +5)
You cannot fit into any form of body armour.
You are cold-blooded and may be slowed by cold attacks.


Message History

You shoot a sling bullet. The gnoll shouts!
The sling bullet hits the gnoll.
The gnoll is heavily wounded.
The gnoll hits you from afar with a spear of piercing.
Firing (i - inventory):
g - 55 stones (quivered)
Press: ? - help, Shift-Dir - straight line, f/p - gnoll
Aim: a gnoll, wielding a spear of piercing (heavily wounded)
You shoot a stone. The stone hits the gnoll.
The gnoll is heavily wounded.
The gnoll hits you from afar with a spear of piercing.
You are too injured to fight recklessly!
Casting: Call Imp
Confirm with . or Enter, or press ? or * to list all spells.
You miscast Call Canine Familiar.
You are very lightly contaminated with residual magic.
You feel a strange surge of energy!
The gnoll hits you from afar with a spear of piercing!
* * * LOW HITPOINT WARNING * * *
You die...

#.....#.# #(
##.....#.##.. )#
#..>........# (
#.....# . #.
#.....## # g###
###....## g.#
##..##.##
#(######..##...###
#@##........##.)..
#.##.#...(.##..###
#.................
####.#....##.#####
#.####.##.# #
#......##.. .
######### ## ## #
#


You could see 2 gnolls.

Vanquished Creatures
  A gnoll (D:2)
  An adder (D:2)
  A dart slug (D:1)
  4 bats
  2 giant cockroaches (D:1)
  4 goblins
  4 hobgoblins
  A jackal (D:1)
  A quokka (D:2)
  A ball python (D:2)
  2 frilled lizards (D:1)
  5 kobolds
  6 rats
33 creatures vanquished.

Vanquished Creatures (collateral kills)
  An adder (D:2)
  A dart slug (D:2)
  A goblin (D:2)
  2 jackals (D:1)
  A kobold (D:2)
6 creatures vanquished.

Grand Total: 39 creatures vanquished

Notes
Turn   | Place    | Note
-------+----------+-------------------------------------------
     0 | D:1      | MatthieuS the Draconian Summoner began the quest for the Orb.
     0 | D:1      | Reached XP level 1. HP: 14/14 MP: 3/3
   294 | D:1      | Reached XP level 2. HP: 8/20 MP: 3/5
   509 | D:1      | Found a glowing golden altar of the Shining One.
  1454 | D:2      | Reached XP level 3. HP: 26/26 MP: 6/6
  1612 | D:2      | Learned a level 2 spell: Call Imp
  1616 | D:2      | Learned a level 3 spell: Call Canine Familiar
  2037 | D:2      | HP: 1/26 [gnoll/spear of piercing (10)]
  2037 | D:2      | Slain by a gnoll

Vault maps used:
D:1:      scummos_arrival_simple_fountains, corexii_item_surrounded_by_moat,
          tso_altar
D:2:      first_bread, minmay_tetromino_s2

Skill      XL: |  1 |
---------------+----+-----
Dodging        | 2 |  2.7
Stealth        | |  1.7
Spellcasting   | |  2.9
Summonings     | |  4.3

Action                   || total
-------------------------++-------
Melee: Short sword       ||    71
       Tailslap          ||    10
       Dagger            ||     2
 Fire: Hunting sling     ||    57
 Cast: Summon Small Mamm ||    19
       Call Imp          ||     2
       Call Canine Famil ||     2
 Abil: Evoke Flight      ||     1
 Stab: Sleeping          ||     1
  Eat: Chunk             ||     4
Armor: Skin              ||    47
Dodge: Dodged            ||    82
